A- WEST
RANCHO CUCAMONGA QUAKES @ MODESTO NUTS
05/26/2042
 
TOP OF THE 1ST
Rancho Cucamonga Quakes batting - Pitching for Modesto Nuts : RHP Alan Finley
Pitching: RHP Alan Finley
Batting: RHB Jorge Cabrera 0-0: Called Strike
0-1: Called Strike
0-2: Strikes out looking
Batting: RHB Stan O'Dell 0-0: Ball
1-0: Called Strike
1-1: Ball
2-1: SINGLE (Line Drive, 4M, EV 108.8 MPH)
Batting: LHB Steve Shannon 0-0: Foul Ball, location: 7LDF
0-1: SINGLE (Line Drive, 9S, EV 105.6 MPH)
Stan O'Dell to second
Batting: RHB Shawn Herring 0-0: Ball
1-0: Ball
2-0: Foul Ball, location: 9LSF
2-1: Grounds into double play, 6-4-3 (Groundball, 6, EV 85.6 MPH)
Top of the 1st over - 0 runs, 2 hits, 0 errors, 1 left on base; Rancho Cucamonga 0 - Modesto 0
BOTTOM OF THE 1ST
Modesto Nuts batting - Pitching for Rancho Cucamonga Quakes : RHP Mauro Villarreal
Pitching: RHP Mauro Villarreal
Batting: RHB Pat Jackson 0-0: Foul Ball, location: 25F
0-1: Foul Ball, location: 7LDF
0-2: Ball
1-2: Foul Ball, location: 3SF
1-2: SINGLE (Line Drive, 56D, EV 107.5 MPH)
Batting: RHB Arturo López 0-0: Called Strike
Pat Jackson steals 2nd base
0-1: Ball
1-1: Fly out, F3 (Popup, 3S, EV 71.3 MPH)
Batting: SHB Luis Vera 0-0: Ball
1-0: Foul Ball, location: 2F
1-1: Ball
2-1: Ball
3-1: Base on Balls
Batting: RHB Álex Ibarra 0-0: Ball
Pat Jackson steals 3rd base
1-0: Foul Ball, location: 9LMF
1-1: Swinging Strike
1-2: Foul Ball, location: 9LMF
1-2: Fly out, F9 (Flyball, 89S, EV 91.9 MPH)
Batting: LHB Luis Pérez 0-0: Ball
1-0: Foul Ball, location: 5F
1-1: Swinging Strike
1-2: Strikes out looking
Bottom of the 1st over - 0 runs, 1 hit, 0 errors, 2 left on base; Rancho Cucamonga 0 - Modesto 0
TOP OF THE 2ND
Rancho Cucamonga Quakes batting - Pitching for Modesto Nuts : RHP Alan Finley
Batting: LHB Jared Puddifoot 0-0: Ball
1-0: Called Strike
1-1: Ball
2-1: Foul Ball, location: 2F
2-2: Foul Ball, location: 7LSF
2-2: Strikes out swinging
Batting: LHB Jarred MacOmie 0-0: Ball
1-0: Ball
2-0: Ball
3-0: Base on Balls
Batting: RHB Ben Osborne 0-0: Foul Ball, location: 3F
0-1: Swinging Strike
0-2: Grounds into double play, 4-6-3 (Groundball, 4M, EV 106.3 MPH)
Top of the 2nd over - 0 runs, 0 hits, 0 errors, 0 left on base; Rancho Cucamonga 0 - Modesto 0
BOTTOM OF THE 2ND
Modesto Nuts batting - Pitching for Rancho Cucamonga Quakes : RHP Mauro Villarreal
Batting: RHB Dan Smith 0-0: Ball
1-0: Foul Ball, location: 3SF
1-1: Called Strike
1-2: Ground out 5-3 (Groundball, 56, EV 88.1 MPH)
Batting: RHB Terence Collins 0-0: Foul Ball, location: 3F
0-1: Foul Ball, location: 5F
0-2: Ball
1-2: Foul Ball, location: 2F
1-2: Ball
2-2: Foul Ball, location: 5FF
2-2: Foul Ball, location: 2F
2-2: Ground out 4-3 (Groundball, 4, EV 88.8 MPH)
Batting: LHB Marc Hooke 0-0: Called Strike
0-1: Fly out, F9 (Flyball, 9LS, EV 87.5 MPH)
Bottom of the 2nd over - 0 runs, 0 hits, 0 errors, 0 left on base; Rancho Cucamonga 0 - Modesto 0
TOP OF THE 3RD
Rancho Cucamonga Quakes batting - Pitching for Modesto Nuts : RHP Alan Finley
Batting: RHB Jesús Álvarez 0-0: Fly out, F8 (Flyball, 8RD, EV 98.8 MPH)
Batting: RHB Jorge García 0-0: Called Strike
0-1: Ground out U3 (Groundball, 3S, EV 79.4 MPH)
Batting: RHB Jorge Cabrera 0-0: Called Strike
0-1: Ball
1-1: Fly out, F8 (Flyball, 89M, EV 86.9 MPH)
Top of the 3rd over - 0 runs, 0 hits, 0 errors, 0 left on base; Rancho Cucamonga 0 - Modesto 0
BOTTOM OF THE 3RD
Modesto Nuts batting - Pitching for Rancho Cucamonga Quakes : RHP Mauro Villarreal
Batting: RHB Gene Long 0-0: Called Strike
0-1: Ground out 5-3 (Groundball, 5, EV 83.1 MPH)
Batting: RHB Pat Jackson 0-0: Called Strike
0-1: Ball
1-1: Ball
2-1: Foul Ball, location: 9LSF
2-2: Ball
3-2: SINGLE (Line Drive, 9S, EV 90.0 MPH)
Batting: RHB Arturo López 0-0: Ball
1-0: Ball
2-0: Swinging Strike
2-1: Foul Ball, location: 9LSF
2-2: Strikes out swinging
Batting: SHB Luis Vera 0-0: Ball
Pat Jackson steals 2nd base
1-0: Foul Ball, location: 9LSF
1-1: Ground out 4-3 (Groundball, 34, EV 105.6 MPH)
Bottom of the 3rd over - 0 runs, 1 hit, 0 errors, 1 left on base; Rancho Cucamonga 0 - Modesto 0
TOP OF THE 4TH
Rancho Cucamonga Quakes batting - Pitching for Modesto Nuts : RHP Alan Finley
Batting: RHB Stan O'Dell 0-0: Called Strike
0-1: Ball
1-1: Ball
2-1: Fly out, F7 (Line Drive, 78M, EV 95.6 MPH)
Batting: LHB Steve Shannon 0-0: Ball
1-0: Ball
2-0: Called Strike
2-1: SINGLE (Line Drive, 8RS, EV 98.8 MPH)
Batting: RHB Shawn Herring 0-0: Ball
1-0: Ball
2-0: Ball
Steve Shannon is caught stealing 2nd base 2-4
3-0: Called Strike
3-1: Fly out, F9 (Flyball, 9S, EV 90.0 MPH)
Top of the 4th over - 0 runs, 1 hit, 0 errors, 0 left on base; Rancho Cucamonga 0 - Modesto 0
BOTTOM OF THE 4TH
Modesto Nuts batting - Pitching for Rancho Cucamonga Quakes : RHP Mauro Villarreal
Batting: RHB Álex Ibarra 0-0: Swinging Strike
0-1: Foul Ball, location: 5F
0-2: Strikes out swinging
Batting: LHB Luis Pérez 0-0: Swinging Strike
0-1: SINGLE (Line Drive, 34D, EV 95.6 MPH)
Batting: RHB Dan Smith 0-0: Called Strike
0-1: Fly out, F4 (Popup, 34, EV 70.0 MPH)
Batting: RHB Terence Collins 0-0: Fielders Choice at 2nd, 6-4 (Groundball, 6, EV 80.6 MPH)
Bottom of the 4th over - 0 runs, 1 hit, 0 errors, 1 left on base; Rancho Cucamonga 0 - Modesto 0
TOP OF THE 5TH
Rancho Cucamonga Quakes batting - Pitching for Modesto Nuts : RHP Alan Finley
Batting: LHB Jared Puddifoot 0-0: Foul Ball, location: 5F
0-1: Ball
1-1: Foul Ball, location: 5SF
1-2: Ball
2-2: Ball
3-2: Strikes out swinging
Batting: LHB Jarred MacOmie 0-0: Ground out U3 (Groundball, 34, EV 100.0 MPH)
Batting: RHB Ben Osborne 0-0: Ground out 5-3 (Groundball, 56S, EV 81.9 MPH)
Top of the 5th over - 0 runs, 0 hits, 0 errors, 0 left on base; Rancho Cucamonga 0 - Modesto 0
BOTTOM OF THE 5TH
Modesto Nuts batting - Pitching for Rancho Cucamonga Quakes : RHP Mauro Villarreal
Batting: LHB Marc Hooke 0-0: Fly out, F7 (Flyball, 78D, EV 105.0 MPH)
Batting: RHB Gene Long 0-0: Ball
1-0: Foul Ball, location: 25F
1-1: Foul Ball, location: 2F
1-2: Ball
2-2: Foul Ball, location: 9LMF
2-2: Ground out 5-3 (Groundball, 5, EV 87.5 MPH)
Batting: RHB Pat Jackson 0-0: Foul Ball, location: 25F
0-1: Ball
1-1: Ball
2-1: Foul Ball, location: 25F
2-2: DOUBLE (Line Drive, 89D, EV 108.8 MPH)
Batting: RHB Arturo López 0-0: Ball
1-0: Ball
2-0: Ball
3-0: Base on Balls
Pitching: RHP Juan Jose Medrano
Batting: SHB Luis Vera 0-0: Ball
1-0: Foul Ball, location: 2F
1-1: Ball
2-1: Called Strike
2-2: DOUBLE (Flyball, 8LXD, EV 94.4 MPH)
Pat Jackson scores
Arturo López to third
Batting: RHB Álex Ibarra 0-0: DOUBLE (Line Drive, 9LM, EV 106.3 MPH)
Arturo López scores
Luis Vera scores
Batting: LHB Luis Pérez 0-0: Ball
1-0: Fly out, F8 (Flyball, 89D, EV 99.4 MPH)
Bottom of the 5th over - 3 runs, 3 hits, 0 errors, 1 left on base; Rancho Cucamonga 0 - Modesto 3
TOP OF THE 6TH
Rancho Cucamonga Quakes batting - Pitching for Modesto Nuts : RHP Alan Finley
Batting: RHB Jesús Álvarez 0-0: Swinging Strike
0-1: Ball
1-1: Swinging Strike
1-2: Foul Ball, location: 2F
1-2: Strikes out swinging
Batting: RHB Jorge García 0-0: Ball
1-0: Swinging Strike
1-1: Foul Ball, location: 2F
1-2: Foul Ball, location: 2F
1-2: Fly out, F9 (Flyball, 89S, EV 78.8 MPH)
Batting: RHB Jorge Cabrera 0-0: SINGLE (Line Drive, 78M, EV 102.5 MPH)
Batting: RHB Stan O'Dell 0-0: Ball
1-0: Ball
2-0: Ground out 6-3 (Groundball, 6M, EV 100.0 MPH)
Top of the 6th over - 0 runs, 1 hit, 0 errors, 1 left on base; Rancho Cucamonga 0 - Modesto 3
BOTTOM OF THE 6TH
Modesto Nuts batting - Pitching for Rancho Cucamonga Quakes : RHP Juan Jose Medrano
Batting: RHB Dan Smith 0-0: Called Strike
0-1: Fly out, F8 (Flyball, 8LS, EV 84.4 MPH)
Batting: RHB Terence Collins 0-0: Ball
1-0: Swinging Strike
1-1: Foul Ball, location: 23F
1-2: Ball
2-2: Ground out 1-3 (Groundball, P, EV 65.6 MPH)
Batting: LHB Marc Hooke 0-0: Ball
1-0: Ball
2-0: Swinging Strike
2-1: Ground out 5-3 (Groundball, 56S, EV 63.8 MPH)
Bottom of the 6th over - 0 runs, 0 hits, 0 errors, 0 left on base; Rancho Cucamonga 0 - Modesto 3
TOP OF THE 7TH
Rancho Cucamonga Quakes batting - Pitching for Modesto Nuts : RHP Alan Finley
Batting: LHB Steve Shannon 0-0: Swinging Strike
0-1: Called Strike
0-2: Ball
1-2: Strikes out swinging
Batting: RHB Shawn Herring 0-0: Called Strike
0-1: Ball
1-1: Swinging Strike
1-2: Ball
2-2: Ball
3-2: Foul Ball, location: 9LMF
3-2: Foul Ball, location: 9LSF
3-2: Foul Ball, location: 3SF
3-2: Foul Ball, location: 3FF
3-2: Base on Balls
Pitching: LHP Iván Romero
Pinch Hitting: RHB Steve Smith 0-0: Ball
1-0: Grounds into double play, 6-4-3 (Groundball, 6, EV 77.5 MPH)
Top of the 7th over - 0 runs, 0 hits, 0 errors, 0 left on base; Rancho Cucamonga 0 - Modesto 3
BOTTOM OF THE 7TH
Modesto Nuts batting - Pitching for Rancho Cucamonga Quakes : RHP Juan Jose Medrano
Now at 1B: Ty Oswald
Batting: RHB Gene Long 0-0: Ball
1-0: Ball
2-0: Swinging Strike
2-1: Ground out 4-3 (Groundball, 34, EV 103.1 MPH)
Batting: RHB Pat Jackson 0-0: Ball
1-0: Ball
2-0: Swinging Strike
2-1: Called Strike
2-2: Ground out 1-3 (Groundball, 13S, EV 72.5 MPH)
Batting: RHB Arturo López 0-0: Ball
1-0: Ball
2-0: Ball
3-0: Base on Balls
Batting: SHB Luis Vera 0-0: Ball
1-0: Ball
2-0: DOUBLE (Flyball, 8RXD, EV 99.4 MPH)
Arturo López to third
Batting: RHB Álex Ibarra 0-0: Called Strike
0-1: Foul Ball, location: 5SF
0-2: Ball
1-2: Ground out 4-3 (Groundball, 34, EV 86.9 MPH)
Bottom of the 7th over - 0 runs, 1 hit, 0 errors, 2 left on base; Rancho Cucamonga 0 - Modesto 3
TOP OF THE 8TH
Rancho Cucamonga Quakes batting - Pitching for Modesto Nuts : LHP Iván Romero
Pinch Hitting: RHB Curt Horton 0-0: Called Strike
0-1: Ball
1-1: Foul Ball, location: 2F
1-2: Foul Ball, location: 2F
1-2: Strikes out swinging
Pitching: RHP Eric MacKey
Pinch Hitting: RHB Jeff Grant 0-0: Ball
1-0: Fly out, F8 (Flyball, 8RD, EV 78.8 MPH)
Batting: RHB Jesús Álvarez 0-0: Ball
1-0: Ball
2-0: Called Strike
2-1: Called Strike
2-2: Fly out, F8 (Flyball, 8RXD, EV 105.0 MPH)
Top of the 8th over - 0 runs, 0 hits, 0 errors, 0 left on base; Rancho Cucamonga 0 - Modesto 3
BOTTOM OF THE 8TH
Modesto Nuts batting - Pitching for Rancho Cucamonga Quakes : RHP Juan Jose Medrano
Now at 2B: Dani Vázquez
Now at SS: António Pérez
Batting: LHB Luis Pérez 0-0: Called Strike
0-1: Ground out U3 (Groundball, 3S, EV 85.6 MPH)
Batting: RHB Dan Smith 0-0: Called Strike
0-1: Ball
1-1: Called Strike
1-2: Ball
2-2: Ball
3-2: SINGLE (Line Drive, 9S, EV 106.3 MPH)
Batting: RHB Terence Collins 0-0: Fly out, F8 (Flyball, 8RM, EV 84.4 MPH)
Batting: LHB Marc Hooke 0-0: Ball
1-0: 2-RUN HOME RUN (Flyball, 8LXD, EV 110.6 MPH), Distance : 415 ft
Batting: RHB Gene Long 0-0: SOLO HOME RUN (Flyball, 7D, EV 93.1 MPH), Distance : 354 ft
Pitching: RHP Juan Jaramillo
Batting: RHB Pat Jackson 0-0: Ball
1-0: Ground out 6-3 (Groundball, 6, EV 84.4 MPH)
Bottom of the 8th over - 3 runs, 3 hits, 0 errors, 0 left on base; Rancho Cucamonga 0 - Modesto 6
TOP OF THE 9TH
Rancho Cucamonga Quakes batting - Pitching for Modesto Nuts : RHP Eric MacKey
Batting: RHB David Abruzzi 0-0: Called Strike
0-1: Ball
1-1: Fly out, F8 (Flyball, 8RS, EV 96.3 MPH)
Batting: RHB Jorge Cabrera 0-0: Ball
1-0: Ball
2-0: Ball
3-0: Called Strike
3-1: Foul Ball, location: 7LDF
3-2: Foul Ball, location: 3DF
3-2: Strikes out looking
Batting: RHB Stan O'Dell 0-0: Ball
1-0: Ball
2-0: Called Strike
2-1: Swinging Strike
2-2: Foul Ball, location: 2F
2-2: Ball
3-2: Fly out, F4 (Popup, 4M, EV 67.5 MPH)
Top of the 9th over - 0 runs, 0 hits, 0 errors, 0 left on base; Rancho Cucamonga 0 - Modesto 6
Friday, May 3rd , 2024 - OOTP Baseball 24.10 Build 82